[Event "Early-Titled-Tuesday-Blitz-February-20-2024"]
[Site "Chess.com"]
[Date "2024.02.20"]
[Round "2"]
[White "Cambek64"]
[Black "Ezov"]
[Result "1-0"]
[WhiteElo "2478"]
[BlackElo "2170"]
[TimeControl "180+1"]
[EndTime "8:17:39 PST"]
[Termination "Cambek64 won on time"]

1. b3 e5 2. Bb2 d6 3. e3 f5 4. c4 Nf6 5. d4 e4 6. Nc3 g6 7.
Nge2 Bg7 8. h4 O-O 9. Nf4 c6 10.
Be2 a5 11. a3 Na6 12. g3 Bd7 13.
Kf1 Qe7 14. Kg2 Rae8 15. b4 axb4 16. axb4 Nxb4 17. Qb3 Nd3 18. Nxd3 exd3 19. Bxd3 Be6 20. Ra7 Rf7 21. Ba3 Ng4 22. Rb1 Bc8 23. Nd1 g5 24. hxg5 h6 25. g6 Rf6 26. Be2 Rxg6 27. Bf3 Kh8 28.
Qd3 Qg5 29. Nb2 Nxf2 30. Kxf2 Qxg3+ 31. Ke2 f4 32. Nd1 Qh2+ 33. Nf2 1-0

[Event "Early-Titled-Tuesday-Blitz-February-20-2024"]
[Site "Chess.com"]
[Date "2024.02.20"]
[Round "2"]
[White "vladgoncharov"]
[Black "BilodeauA"]
[Result "0-1"]
[WhiteElo "2644"]
[BlackElo "3019"]
[TimeControl "180+1"]
[EndTime "8:17:40 PST"]
[Termination "BilodeauA won by resignation"]

1. d4 d5 2. c4 dxc4 3. Nf3 a6 4. a4 Nf6 5. e3 Bg4 6. Bxc4 e6 7. h3 Bh5 8. Nc3 Nc6 9. O-O Bd6 10. Be2 O-O 11.
e4 Bxf3 12. Bxf3 Nxd4 13. e5 Nxf3+ 14. Qxf3 Bxe5 15. Qxb7 Qb8 16. Qf3 Rd8 17. Re1 Bd4 18. Ne4 Nxe4 19. Rxe4 Qb6 20. Re2 Rd5 21. Ra3 Rad8 22.
Rb3 Qc6 23. Bg5 f6 24. Bh4 e5 25. Kh2 Rc5 26. Qg4 Qd7 27. Qe4 Qd5 28. Qd3 Re8 29. Bg3 Qc4 30. Qd1 Qxa4 31. Qd3 Qc4 32. Qd1 h6 33.
Rd3 Rb8 34. f4 Qc1 35. Rxd4 exd4 36. Qxd4 Qc4 37. Qe3 Rc6 38. Rd2 Qe6 39. Qf3 f5 40.
Rd5 Qe4 41. Qd1 Rxb2 42. Rd8+ Kh7 0-1

[Event "Early-Titled-Tuesday-Blitz-February-20-2024"]
[Site "Chess.com"]
[Date "2024.02.20"]
[Round "2"]
[White "masnyszachistaaa"]
[Black "LiamPutnam2008"]
[Result "1-0"]
[WhiteElo "2576"]
[BlackElo "2790"]
[TimeControl "180+1"]
[EndTime "8:17:40 PST"]
[Termination "masnyszachistaaa won by resignation"]

1. c4 a6 2. e4 c5 3. Nc3 g6 4.
Nf3 Bg7 5. d4 cxd4 6. Nxd4 d6 7.
Be3 Nf6 8. f3 O-O 9. Be2 Bd7 10.
O-O Nc6 11. Rc1 Nh5 12. Qd2 Nf4 13. Nxc6 Nxe2+ 14. Nxe2 bxc6 15. c5 Qb8 16. b3 Rd8 17.
Rfd1 Be8 18. Bg5 Qa7 19. Be3 d5 20. exd5 Rxd5 21. Qc2 Rad8 22. Rxd5 Rxd5 23. Nf4 Rd8 24. Rd1 Qb8 25. Rxd8 Qxd8 26. Qd3 Qa5 27. Qe2 Qc3 28.
g3 e5 29. Nd3 Bd7 30. Nf2 a5 31. Qd2 Qa1+ 32. Kg2 Be8 33. Qd8 Kf8 34. Qd6+ Kg8 35.
Qe7 h5 36. Qxe8+ Kh7 37. Qxf7 Qxa2 38. Bg5 Kh8 39. Bf6 Bxf6 40. Qxf6+ Kh7 41. Qxe5 Qxb3 42. Qc7+ Kh6 43. Qxa5 Qd5 44. Qb6 g5 45. Qb4 Qa2 46. Qd4 Qf7 47. Qd6+ Kh7 48. Qxc6 Qa7 49. Qe4+ Kh8 50. c6 Qf7 51. Qe5+ Kh7 52. Qd6 g4 53. Qd7 gxf3+ 54. Kg1 Kg6 55. Qxf7+ Kxf7 56. c7 Ke7 57. c8=Q Kf6 58. Qc5 Kg6 59. Ne4 Kh6 60. Qg5+ Kh7 61. Nf6+ 1-0

[Event "Early-Titled-Tuesday-Blitz-February-20-2024"]
[Site "Chess.com"]
[Date "2024.02.20"]
[Round "2"]
[White "Elnaz_Kaliakhmet"]
[Black "Mikhail_Golubev"]
[Result "1-0"]
[WhiteElo "2404"]
[BlackElo "2652"]
[TimeControl "180+1"]
[EndTime "8:17:40 PST"]
[Termination "Elnaz_Kaliakhmet won on time"]

1. d4 Nf6 2. c4 g6 3. Nc3 Bg7 4. e4 d6 5. h3 Nbd7 6. Be3 e5 7. d5 Nc5 8. Qc2 Nh5 9. Nf3 f5 10. Bd3 Nxd3+ 11. Qxd3 O-O 12. O-O-O Nf6 13. Bg5 h6 14. Bd2 fxe4 15. Nxe4 Bf5 16. Nxf6+ Qxf6 17. Qb3 Be4 18. Bc3 Bxf3 19. gxf3 b6 20. Rhg1 Kh7 21. Qc2 Qf5 22. Rg3 Qxc2+ 23. Kxc2 g5 24. Rh1 Rf4 25. b3 Raf8 26. h4 gxh4 27. Rgh3 Rxf3 28.
Rxh4 Rxf2+ 29. Bd2 R2f6 30. Bg5 Rg6 31. Be3 Rf7 32.
Kd3 Rf3 33. Ke4 Rfg3 34. R1h2 1-0

[Event "Early-Titled-Tuesday-Blitz-February-20-2024"]
[Site "Chess.com"]
[Date "2024.02.20"]
[Round "2"]
[White "Mr_ruthless"]
[Black "Louis-Paulsen-Fan"]
[Result "0-1"]
[WhiteElo "2470"]
[BlackElo "2212"]
[TimeControl "180+1"]
[EndTime "8:17:41 PST"]
[Termination "Louis-Paulsen-Fan won by checkmate"]

1. c4 e6 2. Nf3 d5 3. b3 c5 4. Bb2 d4 5. g3 Nc6 6. Bg2 Nf6 7. O-O Bd6 8. e3 e5 9. exd4 cxd4 10. d3 O-O 11. Re1 Bg4 12. Nbd2 Nd7 13. h3 Bh5 14. g4 Bg6 15. Ne4 Bc7 16. a3 a5 17. Qd2 Re8 18. b4 axb4 19. axb4 Rxa1 20. Rxa1 Nf8 21. Nc5 b6 22. Nb3 Ne6 23. Nh4 Qxh4 24. Bxc6 Rd8 25. Bg2 Nf4 26. Ra7 Bb8 27. Ra8 Nxh3+ 28. Kf1 Nf4 29.
Nxd4 Bxd3+ 30. Kg1 Qxg4 31. f3 Qg3 32. Nf5 Qg5 33. Ne3 Nxg2 34. Rxb8 Nxe3+ 35. Kh1 Rxb8 36. Qxd3 Qg2# 0-1

[Event "Early-Titled-Tuesday-Blitz-February-20-2024"]
[Site "Chess.com"]
[Date "2024.02.20"]
[Round "2"]
[White "Bkmzzzzz"]
[Black "mr65"]
[Result "1-0"]
[WhiteElo "2417"]
[BlackElo "1970"]
[TimeControl "180+1"]
[EndTime "8:17:41 PST"]
[Termination "Bkmzzzzz won by resignation"]

1. e4 e5 2. Nf3 d6 3. Nc3 Nf6 4. d4 Nbd7 5. Bc4 Be7 6. dxe5 dxe5 7. Ng5 O-O 8. Bxf7+ Rxf7 9. Ne6 Qe8 10. Nxc7 Qd8 11.
Nxa8 b6 12. Be3 Bb7 13. Nxb6 axb6 14. f3 Qc7 15. O-O Nc5 16. Nd5 Nxd5 17. exd5 Bd6 18. c4 Bc8 19. Rc1 e4 20. h3 Bh2+ 21. Kh1 Nd3 22.
Rc2 Bg3 23. fxe4 Rxf1+ 24. Qxf1 Ne5 25. Bf4 Bxf4 26. Qxf4 h6 27. b4 g5 28. Qf6 g4 29. d6 Qg7 30. Qxg7+ Kxg7 31. hxg4 Kf6 32. c5 bxc5 33. bxc5 Bd7 34. Kh2 Bc6 35. Re2 Nd3 36.
a3 Ke5 37. Kh3 Nxc5 38. Rc2 Kxd6 39. e5+ Kd5 40. Kh4 Nd3 41. Kh5 Nxe5 42. Kxh6 Nxg4+ 43. Kg5 Ne3 44. Re2 Kd4 45. g4 Bf3 46. Rf2 Bxg4 47. Kf4 Nd1 48. Rh2 Bd7 49. Rd2+ Kc4 50. Rxd1 Ba4 51.
Ra1 Kb3 52. Ke4 Kb2 53. Re1 Kxa3 54. Kd4 Kb4 55. Re7 Bb5 56. Re1 Ba6 57. Rb1+ Ka5 58. Kc5 Ka4 59. Ra1+ Kb3 60. Rxa6 1-0

[Event "Early-Titled-Tuesday-Blitz-February-20-2024"]
[Site "Chess.com"]
[Date "2024.02.20"]
[Round "2"]
[White "CM_rui"]
[Black "ContrVersia"]
[Result "1/2-1/2"]
[WhiteElo "2579"]
[BlackElo "2844"]
[TimeControl "180+1"]
[EndTime "8:17:42 PST"]
[Termination "Game drawn by repetition"]

1. e4 c5 2. Nf3 Nc6 3. c3 Nf6 4. e5 Nd5 5. d4 cxd4 6. cxd4 d6 7.
Bc4 dxe5 8. dxe5 Ndb4 9. Qb3 e6 10. O-O Na5 11. Qc3 Nxc4 12. Qxc4 Qd3 13. Qh4 Nc2 14. Nc3 Be7 15. Bg5 Bxg5 16. Qxg5 Nxa1 17. Rd1 h6 18. Qxg7 Qh7 19. Qf6 Bd7 20. Ne4 Rg8 21. Qh4 Qg6 22. Nf6+ Kf8 23. Nxg8 Bc6 24. Ne7 Qc2 25. Qxh6+ Kxe7 26. Qf6+ Ke8 27. Qh8+ Ke7 28. Qf6+ Ke8 29. Rxa1 Rd8 30.
h3 Rd1+ 31. Rxd1 Qxd1+ 32. Kh2 Qe2 33. Qh8+ Ke7 34. Qf6+ Ke8 35. Qh8+ Kd7 36. Qf6 Ke8 1/2-1/2

[Event "Early-Titled-Tuesday-Blitz-February-20-2024"]
[Site "Chess.com"]
[Date "2024.02.20"]
[Round "2"]
[White "Kobalia"]
[Black "pr1105"]
[Result "1-0"]
[WhiteElo "2789"]
[BlackElo "2402"]
[TimeControl "180+1"]
[EndTime "8:17:42 PST"]
[Termination "Kobalia won on time"]

1. e4 e5 2. Nf3 Nc6 3. Bb5 Nf6 4. d3 Bc5 5. c3 O-O 6. O-O d5 7. Nbd2 dxe4 8. dxe4 a5 9. Qe2 Qe7 10. h3 h6 11. Re1 a4 12. Nc4 Nd7 13. Ne3 Bxe3 14. Bxe3 Nc5 15. Qc4 Ne6 16. Bxc6 bxc6 17. Nxe5 c5 18.
Rad1 Ba6 19. Qd5 Bb5 20. c4 Rfd8 21. Nc6 Bxc6 22. Qxc6 Rab8 23. Rxd8+ Qxd8 24. Qxa4 Rxb2 25. Qa3 Rb4 26. Bxc5 Rxc4 27. Be3 Rc2 28. Qb3 Rc6 29. a4 Ra6 30. Ra1 Qa8 31. Qc4 c5 32. f4 Rb6 33.
a5 Rb4 34. Qd5 Qa6 35. f5 Ng5 36. Bxg5 hxg5 37. Qd8+ Kh7 38. Qxg5 Qe2 39. a6 Rxe4 40. a7 Qb2 41. a8=Q 1-0

[Event "Early-Titled-Tuesday-Blitz-February-20-2024"]
[Site "Chess.com"]
[Date "2024.02.20"]
[Round "2"]
[White "Svet_1502"]
[Black "The_Straightforward_Rook"]
[Result "1-0"]
[WhiteElo "2232"]
[BlackElo "2483"]
[TimeControl "180+1"]
[EndTime "8:17:42 PST"]
[Termination "Svet_1502 won by checkmate"]

1. d4 d5 2. Nf3 Nf6 3. g3 Bg4 4. Bg2 c6 5. c4 Nbd7 6. O-O e6 7. b3 Bd6 8. Bb2 Qb8 9. Nbd2 h5 10.
Qc2 h4 11. e4 Bxf3 12. Bxf3 hxg3 13. e5 gxh2+ 14. Kh1 Nxe5 15. dxe5 Bxe5 16. cxd5 cxd5 17. Rac1 Nd7 18. Bg2 Bxb2 19. Qxb2 Qd6 20. Qxg7 Qe5 21. Qxe5 Nxe5 22. Rc7 Rb8 23. Nf3 Kd8 24. Rc3 Nc6 25. Re1 Kd7 26. Nxh2 Rh4 27. Kg1 Rg8 28. Nf1 d4 29. Rd3 e5 30. Ng3 Rhg4 31. Bxc6+ bxc6 32. Rxe5 Kd6 33. Rf5 Ke6 34. Rc5 Kd6 35. Rf5 Ke6 36.
Ra5 f5 37. Kf1 f4 38. Ne4 R8g7 39. Ke2 Rg1 40. Kf3 Rh7 41. Nc5+ Kd6 42. Ne4+ Ke6 43.
Rxd4 Rh3+ 44. Ke2 f3+ 45. Ke3 Re1+ 46. Kf4 Re2 47. Ng5+ Kf6 48. Nxh3 Kg6 49. Kxf3 Kf7 50. Kxe2 c5 51. Rd6 c4 52. Rxa7+ Ke8 53. Rh6 Kd8 54.
Rh8# 1-0

[Event "Early-Titled-Tuesday-Blitz-February-20-2024"]
[Site "Chess.com"]
[Date "2024.02.20"]
[Round "2"]
[White "bescmelasti"]
[Black "vi_pranav"]
[Result "0-1"]
[WhiteElo "2654"]
[BlackElo "3053"]
[TimeControl "180+1"]
[EndTime "8:17:43 PST"]
[Termination "vi_pranav won on time"]

1. e4 e5 2. Nf3 Nc6 3. Bc4 Nf6 4. d3 h6 5. O-O d6 6. a4 g6 7. Nc3 Bg7 8. h3 O-O 9. Re1 Be6 10. Nd5 Bxd5 11. exd5 Ne7 12. d4 e4 13. Nd2 c6 14.
dxc6 bxc6 15. Bb3 d5 16. c4 Nf5 17. Nf1 Rb8 18. cxd5 cxd5 19. Bf4 Rb4 20. Be5 Nh7 21.
Ne3 Nxe3 22. Rxe3 Ng5 23. a5 Ne6 24. Qd2 Bxe5 25. Qxb4 Bxd4 26. Ree1 Qg5 27. Bxd5 Qxd5 28. Rad1 Qe5 29. Qc4 Qf6 30. Re2 Rd8 31. Kf1 e3 32. f3 Nf4 33. Rc2 e2+ 34. Rxe2 Nxe2 35. Qxe2 Rb8 0-1

[Event "Early-Titled-Tuesday-Blitz-February-20-2024"]
[Site "Chess.com"]
[Date "2024.02.20"]
[Round "2"]
[White "dropstoneDP"]
[Black "lucasran"]
[Result "1-0"]
[WhiteElo "3035"]
[BlackElo "2650"]
[TimeControl "180+1"]
[EndTime "8:17:44 PST"]
[Termination "dropstoneDP won by resignation"]

1. e4 c6 2. d4 d5 3. exd5 cxd5 4. Nf3 Nc6 5. c3 Nf6 6. Ne5 e6 7. Bb5 Qc7 8. Bf4 Bd6 9. O-O O-O 10. Re1 Nd7 11. Nxd7 Bxd7 12. Bxd6 Qxd6 13. Nd2 Na5 14. Bd3 b5 15. Nb3 Nc4 16. Qe2 Rfc8 17. Nc5 Rab8 18. b3 Na5 19. b4 Nc4 20. a4 a6 21. g3 h6 22. Ra2 Re8 23. Nxd7 Qxd7 24. axb5 axb5 25. Bxc4 dxc4 26. Qe4 Qb7 27. Qxb7 Rxb7 28. Re5 Rd8 29. Ra5 Rdb8 30. f4 g6 31. Kf2 Kg7 32. Kf3 Kf6 33. Rc5 h5 34. h3 Rb6 35.
g4 hxg4+ 36. hxg4 R6b7 37. g5+ Ke7 38. Ke4 Kd6 39. Ra6+ Ke7 40. Ke5 Rd7 41. Rac6 Rbb7 42. d5 exd5 43. Rxd5 Ra7 44. Rxb5 Rac7 45. Rxc7 Rxc7 46. Rc5 Rd7 47. Rxc4 Rd1 48. Rd4 Re1+ 49. Kd5 Kd7 50. c4 Rf1 51. b5 Kc7 52. c5 Kb7 53.
Kd6 Rc1 54. b6 Rc2 55. Rd5 Rc1 56. f5 gxf5 57. Rxf5 Rd1+ 58. Rd5 Rf1 59. Kd7 Rc1 60.
Rf5 Rc2 61. Rxf7 Rxc5 62. Kd6+ Kxb6 63. Rb7+ Kxb7 64. Kxc5 Kc7 65. g6 Kd7 66. g7 Ke7 67.
g8=Q 1-0

[Event "Early-Titled-Tuesday-Blitz-February-20-2024"]
[Site "Chess.com"]
[Date "2024.02.20"]
[Round "2"]
[White "elchacal664"]
[Black "SirStrateg"]
[Result "0-1"]
[WhiteElo "2366"]
[BlackElo "2647"]
[TimeControl "180+1"]
[EndTime "8:17:44 PST"]
[Termination "SirStrateg won by resignation"]

1. e4 Nf6 2. Nc3 d6 3. Bc4 c6 4. f4 b5 5. e5 bxc4 6. exf6 gxf6 7. Qe2 d5 8. Nf3 Bg4 9. h3 Bxf3 10. Qxf3 f5 11. O-O e6 12. b3 cxb3 13. axb3 Bc5+ 14. Kh1 Nd7 15. Bb2 Rg8 16. Ne2 Qh4 17. Ra6 Bb6 18. Bd4 Ke7 19. Rfa1 c5 20. Bc3 Rac8 21. b4 cxb4 22. Bxb4+ Ke8 23. Qd3 Qf2 24. g3 Rc4 25. Bc3 h5 26. R6a4 Rxa4 27. Rxa4 h4 28. Bd4 Qf1+ 29. Ng1 Qxd3 30. cxd3 Bxd4 31. Rxd4 Rxg3 32. Ra4 Rxd3 33. Rxa7 Nf6 34. Ra8+ Ke7 35. Ra7+ Kf8 36. Ra2 Ne4 37. Kg2 Rxd2+ 38. Rxd2 Nxd2 39. Kf2 Kg7 40. Ke3 Nf1+ 41. Kf2 Ng3 42. Nf3 Nh5 43. Nxh4 Nxf4 44.
Kg3 Ng6 45. Nf3 e5 46. h4 e4 47. Nd4 f4+ 48. Kg4 f3 49. Kg3 Ne5 50. h5 Kh6 51.
Kf4 f2 52. Nf5+ Kxh5 53. Ng3+ Kh4 54. Nf1 Nd3+ 55. Ke3 Kh3 56. Kd4 Kg2 57. Ne3+ Kg1 58. Kxd5 f1=Q 59. Nxf1 Kxf1 60. Kxe4 Nc5+ 61. Kf5 Nd7 62.
Ke4 Kf2 63. Kd5 Kg3 64. Kd6 f5 65. Kd5 f4 66. Ke4 f3 67. Ke3 f2 68. Ke2 Kg2 0-1

[Event "Early-Titled-Tuesday-Blitz-February-20-2024"]
[Site "Chess.com"]
[Date "2024.02.20"]
[Round "2"]
[White "JiaHaoxiang"]
[Black "baki83"]
[Result "1-0"]
[WhiteElo "2623"]
[BlackElo "2891"]
[TimeControl "180+1"]
[EndTime "8:17:45 PST"]
[Termination "JiaHaoxiang won by resignation"]

1. d4 d6 2. g3 e5 3. dxe5 dxe5 4. Qxd8+ Kxd8 5. Bg2 c6 6. b3 f6 7. Bb2 Be6 8. Nd2 Nd7 9. h4 Kc7 10. Nh3 a5 11. a4 Bb4 12. O-O-O Ne7 13. Ne4 Nd5 14. c3 Be7 15. c4 Nb4 16. f4 Rad8 17. fxe5 Nxe5 18. Bxe5+ fxe5 19. Nhg5 Bf5 20. Rdf1 Rdf8 21. Bh3 Bxg5+ 22. Nxg5 Bxh3 23. Nxh3 h6 24. Nf2 Rf5 25. Ne4 Rhf8 26. Rxf5 Rxf5 27. Kd2 Rf7 28. Rd1 b6 29. Kc3 Na2+ 30. Kb2 Nb4 31. Kc3 Na6 32. Rd3 Nb8 33. Rd6 Nd7 34. Re6 c5 35. Nd6 Rf2 36. Kd2 Nf6 37. Ne8+ Kd7 38. Nxg7 Ne4+ 39. Ke3 Rg2 40. Kxe4 Rxg3 41. Nf5 Rg4+ 42. Kd5 1-0

[Event "Early-Titled-Tuesday-Blitz-February-20-2024"]
[Site "Chess.com"]
[Date "2024.02.20"]
[Round "2"]
[White "Resignify"]
[Black "wanyaland"]
[Result "0-1"]
[WhiteElo "2213"]
[BlackElo "2496"]
[TimeControl "180+1"]
[EndTime "8:17:45 PST"]
[Termination "wanyaland won by checkmate"]

1. e4 c5 2. Nc3 e6 3. g3 d5 4. exd5 exd5 5. Bg2 Nf6 6. Nge2 Nc6 7. Nf4 d4 8. Ncd5 Be7 9. O-O O-O 10. d3 Nxd5 11. Nxd5 Bd6 12. Re1 Be6 13. Nf4 Bd7 14. a3 Rc8 15.
Bd2 b5 16. Nd5 c4 17. Bf4 Bf5 18. h3 c3 19. bxc3 dxc3 20. Bxd6 Qxd6 21. Nxc3 Nd4 22. Ne4 Bxe4 23. Bxe4 Nxc2 24. Qh5 g6 25. Qxb5 Nxe1 26.
Rxe1 Rfe8 27. Qa5 Qd4 28. Re3 Kg7 29. Qd2 f5 30. Bb7 Rxe3 31. fxe3 Qa1+ 32. Kh2 Qc1 33. Qb4 Rc2+ 34. Bg2 Qxe3 35. Qb7+ Kh6 36. Qa8 Qc5 37. Qf3 Qxa3 38. Qf4+ Kg7 39. Qe5+ Kf7 40. h4 Qe7 41. Qd5+ Kg7 42. Kh3 Re2 43. Qd4+ Qe5 44. Qxa7+ Kh6 45.
Qa8 f4 46. Qf8+ Qg7 47. Qxf4+ g5 48. hxg5+ Qxg5 49. Qh4+ Qxh4+ 50. gxh4 Re3+ 51. Kg4 Rxd3 52. Bf3 Kg7 53. Kf4 Rd4+ 54. Kg3 Kf6 55. Bg4 h6 56.
Bf3 Kf5 57. Be2 Rb4 58. Bf3 Rb3 59. Kg2 Kf4 60. Be2 Rb2 61. Kf2 Rc2 62. Ke1 Ke3 63. Bg4 Rh2 64. h5 Rh1# 0-1

[Event "Early-Titled-Tuesday-Blitz-February-20-2024"]
[Site "Chess.com"]
[Date "2024.02.20"]
[Round "2"]
[White "dmosesov"]
[Black "Rakhmanov_Aleksandr"]
[Result "0-1"]
[WhiteElo "2580"]
[BlackElo "2871"]
[TimeControl "180+1"]
[EndTime "8:17:47 PST"]
[Termination "Rakhmanov_Aleksandr won by resignation"]

1. Nf3 d5 2. c4 e6 3. g3 a6 4. cxd5 exd5 5. Bg2 Nf6 6. O-O Bc5 7. d3 O-O 8. Nc3 c6 9. e4 dxe4 10. dxe4 Qxd1 11. Rxd1 Ng4 12. Rf1 Nd7 13. h3 Nge5 14. Nxe5 Nxe5 15. Rd1 Be6 16. Bf4 f6 17. b3 g5 18. Bc1 Rad8 19. Kf1 Bb4 20. Bb2 Nd3 21. Rxd3 Rxd3 22. Rc1 Rfd8 23. Ba1 Kf7 24.
h4 h6 25. hxg5 hxg5 26. Kg1 Bxc3 27. Bxc3 Rd1+ 28. Rxd1 Rxd1+ 29. Kh2 Rc1 30. Bd4 Rc2 31. a3 Bxb3 32. f4 gxf4 33. gxf4 Rd2 34. Be3 Re2 35. Bc5 Bc2 36. Kg3 Bxe4 37. Bf1 Rc2 38. Bd4 Bd5 39. Bd3 Ra2 40. Bf5 Rxa3+ 0-1

[Event "Early-Titled-Tuesday-Blitz-February-20-2024"]
[Site "Chess.com"]
[Date "2024.02.20"]
[Round "2"]
[White "Triumphmate"]
[Black "arnash_bauyrzhan"]
[Result "1-0"]
[WhiteElo "2511"]
[BlackElo "2252"]
[TimeControl "180+1"]
[EndTime "8:17:48 PST"]
[Termination "Triumphmate won on time"]

1. e4 c5 2. Nf3 e6 3. d4 cxd4 4. Nxd4 a6 5. Nc3 Qc7 6. Be3 Bb4 7. Bd3 Bxc3+ 8. bxc3 Qxc3+ 9. Kf1 Nf6 10. Rb1 Qc7 11. Qf3 Nc6 12. Nxc6 dxc6 13. Bf4 e5 14. Bg5 Qe7 15. Bd2 b5 16. Qe3 c5 17. a4 O-O 18. axb5 axb5 19. Bxb5 Ra2 20. Bd3 c4 21.
Bxc4 Rxc2 22. Bd3 Ra2 23. Bb4 Qb7 24. Bxf8 Ng4 25. Qg5 Rxf2+ 26. Kg1 f6 27. Rxb7 fxg5 28.
Bc4+ Kxf8 29. Rb8 Rc2 30. Rxc8+ Ke7 31. g3 Rc1+ 32. Kg2 Rxc4 33. Rxc4 Ne3+ 34. Kf3 Nxc4 35.
Ra1 Nd2+ 36. Kg4 Nxe4 37. Kf5 Nd6+ 38. Kxe5 Nf7+ 39. Kf5 g6+ 40. Ke4 Ke6 41. Ra6+ Nd6+ 42. Kf3 Ke5 43. Ra5+ Ke6 44. Rxg5 Nf5 45. g4 Nd4+ 46. Kg3 Kf6 47. Ra5 Ne6 48. h4 Nd4 49. g5+ Kf7 50. Kf4 1-0

[Event "Early-Titled-Tuesday-Blitz-February-20-2024"]
[Site "Chess.com"]
[Date "2024.02.20"]
[Round "2"]
[White "Preobrazhenska_D2011"]
[Black "Makswolf200817"]
[Result "0-1"]
[WhiteElo "2385"]
[BlackElo "2740"]
[TimeControl "180+1"]
[EndTime "8:17:49 PST"]
[Termination "Makswolf200817 won by checkmate"]

1. e4 c5 2. Nf3 d6 3. d4 cxd4 4.
Nxd4 Nf6 5. Nc3 a6 6. Bg5 e6 7. f4 Be7 8. Qf3 Qc7 9. O-O-O Nbd7 10. g4 h6 11. h4 hxg5 12. hxg5 Rxh1 13. Qxh1 Nxg4 14. Qh5 Nde5 15. fxe5 Nxe5 16. Qh8+ Bf8 17. Bh3 Bd7 18. Qh7 Qc4 19. Bf1 Qc5 20. Bh3 Nc6 21.
Nxc6 Qxg5+ 22. Kb1 Bxc6 23. Bf1 O-O-O 24. Qh3 Be7 25. Nd5 Bf6 26. Nb6+ Kc7 27. Qb3 Qc5 28. Nc4 Bxe4 29. a3 Bc6 30. Ne3 d5 31. Ng4 Be7 32.
Qg3+ Qd6 33. Ne5 f6 34. Qxg7 fxe5 35. Bh3 e4 36. Rf1 Rd7 37. Rf7 Bd8 38. Rxd7+ Bxd7 39. Qc3+ Kb8 40. Qe3 Bb6 41. Qh6 e3 42. Qh8+ Ka7 43.
Qc3 e2 44. Qe1 Qe5 45. Bg2 Bb5 46. c3 Bf2 47. Qxf2+ d4 48. Qe1 d3 49. Ka2 Qe3 50.
c4 Bxc4+ 51. b3 d2 52. Qh4 Qxb3+ 53. Ka1 Qa2# 0-1

[Event "Early-Titled-Tuesday-Blitz-February-20-2024"]
[Site "Chess.com"]
[Date "2024.02.20"]
[Round "2"]
[White "Fjal"]
[Black "Kunalm64"]
[Result "0-1"]
[WhiteElo "2228"]
[BlackElo "2503"]
[TimeControl "180+1"]
[EndTime "8:17:49 PST"]
[Termination "Kunalm64 won by resignation"]

1. Nf3 Nf6 2. g3 d5 3. Bg2 c6 4. O-O Bg4 5. d3 Nbd7 6. h3 Bxf3 7. Bxf3 e5 8. Bg2 Bd6 9. c4 O-O 10. Nc3 d4 11. Ne4 Nxe4 12. Bxe4 f5 13. Bg2 f4 14.
e3 dxe3 15. fxe3 fxe3 16. Bxe3 Bc5 17. Qe2 Qg5 18. Bxc5 Nxc5 19. Kh2 Rad8 20. Rad1 Rxf1 21. Qxf1 Qe3 22. b4 Nxd3 23. Bd5+ cxd5 24. Rxd3 Qe4 25.
Rxd5 Rxd5 26. cxd5 Qxd5 27. Qf2 b6 28. a4 h6 29. h4 Qc4 30. Qf5 Qd5 31. h5 Qd2+ 32. Kh3 Qg5 33. Qc8+ Kh7 34. Qc2+ Kg8 35. Qc8+ Kf7 36.
Qd7+ Qe7 37. Qf5+ Kg8 38. g4 Qxb4 39. Qc8+ Qf8 40. Qe6+ Qf7 41. Qxe5 Qf3+ 42. Kh2 Qxg4 43. Qb8+ Kh7 44. Qxa7 Qxh5+ 45. Kg1 Qc5+ 46. Kg2 h5 47. Qd7 Qg5+ 48. Kh2 Qh4+ 49. Kg2 Qg4+ 50. Qxg4 hxg4 51. Kg3 Kg6 52. Kxg4 Kf6 53. Kf4 g5+ 54. Kg4 Kg6 0-1

[Event "Early-Titled-Tuesday-Blitz-February-20-2024"]
[Site "Chess.com"]
[Date "2024.02.20"]
[Round "2"]
[White "dimoni64"]
[Black "Der_Balak_3Halak"]
[Result "1/2-1/2"]
[WhiteElo "2098"]
[BlackElo "2434"]
[TimeControl "180+1"]
[EndTime "8:17:50 PST"]
[Termination "Game drawn by stalemate"]

1. d4 d5 2. Bf4 Nf6 3. e3 e6 4. Nf3 Bd6 5. Ne5 Nbd7 6. Bd3 Qe7 7. O-O c5 8. c3 O-O 9. Nd2 a6 10. Rc1 Ne8 11. Qh5 g6 12. Qg4 f6 13. Nxg6 hxg6 14.
Bxg6 f5 15. Bxf5+ Ng7 16. Bb1 Bxf4 17. exf4 Nf6 18. Qh4 Nf5 19. Bxf5 exf5 20. Rfe1 Qg7 21. Re3 Kf7 22. Rce1 Ne4 23. f3 Rh8 24. Nxe4 Rxh4 25.
Ng5+ Kg6 26. Re7 Be6 27. Rxg7+ Kxg7 28. Rxe6 cxd4 29. cxd4 Rc8 30. Re7+ Kf8 31. Rxb7 Rxf4 32. Ne6+ Ke8 33. Nxf4 Rc1+ 34. Kf2 Rc2+ 35. Kg3 Kf8 36. Nxd5 f4+ 37. Nxf4 a5 38. Ra7 Rxb2 39. Rxa5 Kg7 40.
Re5 Kf6 41. Ra5 Kg7 42. h4 Kf6 43. h5 Rb6 44. Nd5+ Kg7 45. Nxb6 Kh6 46. Ra6 Kg5 47. Nd7 Kxh5 48. f4 1/2-1/2

[Event "Early-Titled-Tuesday-Blitz-February-20-2024"]
[Site "Chess.com"]
[Date "2024.02.20"]
[Round "2"]
[White "Al_Shima"]
[Black "Rodalquilar"]
[Result "0-1"]
[WhiteElo "2387"]
[BlackElo "2743"]
[TimeControl "180+1"]
[EndTime "8:17:53 PST"]
[Termination "Rodalquilar won on time"]

1. e4 d5 2. exd5 Qxd5 3. Nc3 Qa5 4. Nf3 Nf6 5. h3 c6 6. Bc4 Bf5 7. d3 Nbd7 8. O-O e6 9. Re1 Be7 10. Bd2 Qc7 11. Nd4 Bg6 12. Bxe6 fxe6 13. Nxe6 Qb6 14. Nxg7+ Kf7 15. Qe2 Bc5 16. Bh6 Rhe8 17. Nxe8 Rxe8 18.
Qf3 Qxb2 19. Na4 Qxc2 20. Rxe8 Kxe8 21. Nxc5 Qxc5 22. Re1+ Kd8 23. Qg3 Qa5 24. Re2 Qc7 25. Qh4 Qd6 26. Bg5 Kc8 27. d4 Nd5 28. Qg4 Kc7 29. Re6 Qb4 30. Qg3+ Kb6 31. Bd8+ Ka6 32. h4 Qb1+ 33. Kh2 Qd3 34. Rd6 Qxg3+ 35. fxg3 N7b6 36.
g4 Be4 37. Rh6 Nc4 38. g5 Nce3 0-1

[Event "Early-Titled-Tuesday-Blitz-February-20-2024"]
[Site "Chess.com"]
[Date "2024.02.20"]
[Round "2"]
[White "nicolochessit"]
[Black "Viacheslav92"]
[Result "0-1"]
[WhiteElo "2320"]
[BlackElo "2548"]
[TimeControl "180+1"]
[EndTime "8:17:53 PST"]
[Termination "Viacheslav92 won by checkmate"]

1. e4 c5 2. Nf3 d6 3. Bb5+ Bd7 4. Bxd7+ Qxd7 5. O-O Nc6 6. c3 e6 7. Re1 Nf6 8. d4 cxd4 9. cxd4 d5 10. e5 Ne4 11. a3 Be7 12. Nbd2 Nxd2 13. Bxd2 O-O 14. Rc1 Rfc8 15. Rc3 Bd8 16. h4 Bb6 17. Rd3 Na5 18. Bxa5 Bxa5 19. b4 Bd8 20. Ng5 h6 21. Qh5 Qe7 22.
Rh3 Qf8 23. Nf3 Rc3 24. Rg3 g6 25. Qg4 Rac8 26. h5 g5 27. Re3 Rxe3 28. fxe3 Rc3 29. Nd2 Rxa3 30. Rf3 Rd3 31. Rf2 Be7 32. Qe2 Ra3 33.
e4 Bxb4 34. exd5 Ra2 35. Qe4 Rxd2 36. Rxd2 Bxd2 37. dxe6 fxe6 38. Qg6+ Qg7 39. Qxe6+ Qf7 40. Qc8+ Kg7 41. e6 Be3+ 42. Kh1 Qf1+ 43. Kh2 Qf4+ 44. Kh1 Qh4# 0-1

[Event "Early-Titled-Tuesday-Blitz-February-20-2024"]
[Site "Chess.com"]
[Date "2024.02.20"]
[Round "2"]
[White "Boundless_Strike"]
[Black "TigrVShlyape"]
[Result "0-1"]
[WhiteElo "2611"]
[BlackElo "2925"]
[TimeControl "180+1"]
[EndTime "8:17:54 PST"]
[Termination "TigrVShlyape won by resignation"]

1. d4 f5 2. e4 fxe4 3. Nc3 Nf6 4. Bg5 g6 5. f3 d5 6. fxe4 Nxe4 7.
Nxe4 dxe4 8. Bc4 Qd6 9. c3 Be6 10. Qa4+ Nd7 11. Bf4 Qxf4 12. Bxe6 Qd6 13. d5 c6 14. Qd4 Nf6 15. O-O-O Bh6+ 16. Kc2 cxd5 17. Bxd5 Qxd5 18. Qxd5 Nxd5 19. Rxd5 Rd8 20. Rxd8+ Kxd8 21. Nh3 Kd7 22. Re1 e3 23. Kd3 Rf8 24. Ke4 Rf5 25. g4 Ra5 26. a3 Ke6 27. Re2 Re5+ 28. Kf3 a5 29. g5 Bxg5 30. Nxg5+ Rxg5 31. Rxe3+ Re5 32.
Rd3 Rd5 33. Re3+ Kf6 34. Re2 e5 35. Ke4 Ke6 36. Rf2 a4 37. Re2 Rd1 38. Ke3 g5 39. Rf2 Rd8 40. Ke4 Rd1 41. Ke3 g4 42. Ke2 Rd7 43. Ke3 Rf7 44. Rd2 h5 45. Rd8 Rf3+ 46. Ke4 Rf2 47. Re8+ Kd6 48. Rd8+ Kc6 49. Kxe5 Rxh2 50.
Rd4 Rxb2 51. Rxa4 g3 52. Rc4+ Kb6 53. Rc8 g2 54. Rg8 h4 55. Kd4 h3 56. Rxg2 hxg2 57.
Kc4 g1=Q 58. a4 0-1